 Dungeon Crawl Stone Soup version 0.26.1-11-gd32895ea62 (webtiles) character file.

Game seed: 7317930935244817345

19367 Zeld the Severer (level 12, -2/97 HPs)
             Began as a Minotaur Berserker on May 25, 2021.
             Was a High Priest of Trog.
             Succumbed to a vault guard's poison
             ... on level 12 of the Dungeon.
             The game lasted 00:22:45 (18871 turns).

Zeld the Severer (Minotaur Berserker)              Turns: 18871, Time: 00:22:45

Health: -2/97      AC: 16    Str: 25 (26) XL:     12   Next: 35%
Magic:  11/11      EV:  8    Int:  3 (4)  God:    Trog [*****.]
Gold:   743        SH: 14    Dex:  8 (11) Spells: 11/11 levels left

rFire    . . .     SeeInvis .   a - +3 hand axe (venom)
rCold    . . .     Faith    .   c - +0 kite shield
rNeg     . . .     Spirit   .   y - +0 plate armour
rPois    .         Reflect  .   (helmet restricted)
rElec    .         Harm     .   v - scarf {repulsion}
rCorr    .         Rampage  .   l - +1 pair of gloves
Will     ++...                  h - +2 pair of boots
Stlth    ..........             (no amulet)
HPRegen  1.26/turn              (no ring)
MPRegen  0.12/turn              (no ring)

@: lethally poisoned (-2 -> -8), about to teleport, berserk cooldown,
regenerating, repel missiles
A: retaliatory headbutt, horns 2
a: Renounce Religion, Berserk, Trog's Hand, Brothers in Arms


You were on level 12 of the Dungeon.
You worshipped Trog.
Trog was extremely pleased with you.
You visited 2 branches of the dungeon, and saw 14 of its levels.

You collected 743 gold pieces.

Inventory:

Hand Weapons
 a - a +3 hand axe of venom (weapon)
 b - a +3 broad axe of flaming
Armour
 c - a +0 kite shield (worn)
 h - a +2 pair of boots (worn)
 l - a +1 pair of gloves (worn)
 v - a scarf of repulsion (worn)
 y - a +0 plate armour (worn)
Wands
 p - a wand of flame (40)
 w - a wand of digging (8)
 x - a wand of iceblast (3)
 z - a wand of polymorph (19)
 B - a wand of enslavement (4)
 E - a wand of acid (10)
Scrolls
 d - a scroll of vulnerability {unknown}
 f - 2 scrolls of fear
 i - 7 scrolls of remove curse
 j - 7 scrolls of teleportation
 C - 5 scrolls of identify
Potions
 g - 4 potions of degeneration
 k - 5 potions of curing {unknown}
 m - 4 potions of invisibility {unknown}
 n - 3 potions of cancellation {unknown}
 o - a potion of heal wounds {unknown}
 q - a potion of haste
 r - 3 potions of flight {unknown}
 s - a potion of brilliance {unknown}
 t - a potion of berserk rage {unknown}
 u - 3 potions of attraction {unknown}
 A - a potion of lignification {unknown}
 D - 2 potions of might {unknown}


   Skills:
 - Level 6.7 Fighting
 * Level 15.7 Axes
 - Level 2.4 Armour
 - Level 5.5 Dodging
 - Level 15.0 Shields
 - Level 4.0 Evocations


You had 11 spell levels left.
You didn't know any spells.
Your spell library was empty.

Dungeon Overview and Level Annotations

Branches:
Dungeon (13/15)            Temple (1/1) D:4            Lair (0/6) D:8
    Orc (0/2) D:11         Vaults (0/5) D:13

Altars:
Ashenzari
Cheibriados
Dithmenos
Elyvilon
Fedhas
Gozag
Hepliaklqana
Kikubaaqudgha
Makhleb
Nemelex Xobeh
Okawaru
Qazlal
Ru
Sif Muna
Trog
Uskayaw
Vehumet
Wu Jian
Xom
Yredelemnul
Zin
The Shining One
Beogh


Innate Abilities, Weirdness & Mutations

You reflexively headbutt those who attack you in melee.
You have a pair of horns on your head.


Message History

Press: ? - help, Dir - move target
As you read the scroll of blinking, it crumbles to dust.
* * * LOW HITPOINT WARNING * * *
You feel very sick.
Your skin crawls.
You feel strong-willed.
* * * LOW HITPOINT WARNING * * *
You feel very sick.
Okay, then.
It was a potion of degeneration.
There was something very wrong with that liquid.
You feel weakened.
You feel dopey.
You feel clumsy.
* * * LOW HITPOINT WARNING * * *
You feel very sick.
As you read the scroll of teleportation, it crumbles to dust.
You feel strangely unstable.
* * * LOW HITPOINT WARNING * * *
You feel very sick.
You feel yourself speed up.
You die...

##........>....>###
#............#....##
##............#.....#
##.............##....#
##.##............#....#
###.####..[........##..##
##..## ##......p...##..#
#..## #.........####.#
..## ##.....@..# #.# .##
##.......# ##.# .#
##.....## #..# ## #######
####


You could see a vault guard.

Vanquished Creatures
  Snorg (D:12)
  3 vault guards (D:13)
  Erolcha (D:10)
  2 boulder beetles (D:12)
  A two-headed ogre (D:11)
  Urug (D:10)
  Pikel (D:9)
  An ugly thing (D:12)
  A cyclops (D:13)
  A deep elf mage (D:12)
  Joseph (D:10)
  2 gargoyles
  A troll (D:10)
  4 wraiths
  22 yaks
  A water moccasin (D:6)
  2 ice beasts
  A sky beast (D:9)
  5 orc warriors
  3 phantoms
  8 ogres
  9 centaurs
  2 big kobolds
  13 bullfrogs
  5 scorpions
  5 killer bees (D:7)
  16 wights
  4 howler monkeys
  4 hounds
  5 jellies
  A bullfrog skeleton (D:11)
  2 centaur zombies
  7 orc priests
  A gnoll shaman (D:4)
  15 orc wizards
  A centaur skeleton (D:9)
  7 worker ants
  A killer bee zombie (D:6)
  A hound zombie (D:7)
  A worker ant zombie (D:6)
  9 gnolls
  A howler monkey skeleton (D:10)
  14 adders
  3 shadow imps
  3 white imps
  An ufetubus (D:5)
  An ooze (D:2)
  A worm (D:2)
  A dart slug (D:4)
  9 leopard geckos
  40 orcs
  9 bats
  9 giant cockroaches
  8 goblins
  9 hobgoblins
  12 jackals
  7 quokkas
  3 frilled lizards
  16 kobolds
  A quokka zombie (D:5)
  5 rats
325 creatures vanquished.

Vanquished Creatures (collateral kills)
  A killer bee (D:7)
  2 gnolls (D:7)
3 creatures vanquished.

Grand Total: 328 creatures vanquished

Notes
Turn   | Place    | Note
-------+----------+-------------------------------------------
     0 | D:1      | Zeld the Minotaur Berserker began the quest for the Orb.
     0 | D:1      | Reached XP level 1. HP: 19/19 MP: 0/0
   203 | D:1      | Reached XP level 2. HP: 26/26 MP: 1/1
  1048 | D:1      | Reached skill level 5 in Axes
  1049 | D:1      | Reached XP level 3. HP: 20/31 MP: 2/2
  1654 | D:2      | Reached ** piety under Trog
  2449 | D:2      | Reached XP level 4. HP: 36/39 MP: 3/3
  2738 | D:2      | Found a basalt altar of Yredelemnul.
  2934 | D:3      | Found a stormy altar of Qazlal.
  2946 | D:3      | Found a radiant altar of Vehumet.
  2946 | D:3      | Found a hide-covered altar of Uskayaw.
  2946 | D:3      | Found an ancient bone altar of Kikubaaqudgha.
  4155 | D:4      | Reached XP level 5. HP: 45/45 MP: 4/4
  4336 | D:4      | Found a staircase to the Ecumenical Temple.
  4424 | D:4      | HP: 2/67 [acid (5)]
  4426 | D:4      | Reached XP level 6. HP: 3/51 MP: 5/5
  4822 | Temple   | Entered the Ecumenical Temple
  5583 | D:4      | Reached *** piety under Trog
  6235 | D:4      | Found a blossoming altar of Fedhas.
  6294 | D:4      | Found a burning altar of Makhleb.
  6464 | D:5      | Entered Level 5 of the Dungeon
  6573 | D:5      | Reached XP level 7. HP: 42/57 MP: 6/6
  6686 | D:5      | Reached skill level 10 in Axes
  8217 | D:6      | Reached XP level 8. HP: 59/64 MP: 7/7
  8281 | D:6      | HP: 4/96 [howler monkey (5)]
  9735 | D:6      | Reached **** piety under Trog
 10117 | D:6      | Found a hazy altar of Hepliaklqana.
 10608 | D:7      | Reached XP level 9. HP: 38/70 MP: 8/8
 10850 | D:7      | Reached skill level 1 in Shields
 10961 | D:7      | HP: 3/70 [poisoned by a killer bee]
 10966 | D:7      | HP: 3/70 [poisoned by a killer bee]
 10972 | D:7      | HP: 3/70 [poisoned by a killer bee]
 11935 | D:8      | Reached skill level 5 in Shields
 12412 | D:8      | Found a staircase to the Lair.
 13186 | D:9      | Found a shimmering altar of Xom.
 13189 | D:9      | Found a sparkling altar of Nemelex Xobeh.
 13192 | D:9      | Found a white marble altar of Elyvilon.
 13195 | D:9      | Found a glowing golden altar of the Shining One.
 13215 | D:9      | Found an iron altar of Okawaru.
 13256 | D:9      | Found a broken altar of Ashenzari.
 13434 | D:9      | Noticed Pikel
 13452 | D:9      | Killed Pikel
 13590 | D:9      | Reached XP level 10. HP: 77/77 MP: 6/9
 13759 | D:9      | Reached skill level 10 in Shields
 14457 | D:10     | Entered Level 10 of the Dungeon
 14462 | D:10     | Noticed a gargoyle
 14473 | D:10     | Killed a gargoyle
 14674 | D:10     | Noticed Erolcha
 14684 | D:10     | Killed Erolcha
 14781 | D:10     | Noticed Joseph
 14792 | D:10     | Killed Joseph
 14858 | D:10     | Found the amulet of the Air {Inacc +Fly rElec EV+5 RMsl}
 15094 | D:10     | Noticed Urug
 15104 | D:10     | Killed Urug
 15105 | D:10     | Reached XP level 11. HP: 82/82 MP: 10/10
 15509 | D:11     | Found a staircase to the Orcish Mines.
 15876 | D:11     | Found a roughly hewn altar of Beogh.
 15881 | D:11     | Reached ***** piety under Trog
 16338 | D:11     | Noticed a two-headed ogre
 16355 | D:11     | Killed a two-headed ogre
 16356 | D:11     | Reached skill level 15 in Shields
 16982 | D:12     | Got a sparkling zirconium amulet
 16988 | D:12     | Identified the amulet of Pownext {Reflect rPois Str+4 Dex-5
                  | SH+5} (You found it on level 12 of the Dungeon)
 17001 | D:12     | Reached skill level 1 in Evocations
 17094 | D:12     | Noticed a boulder beetle
 17112 | D:12     | Killed a boulder beetle
 17115 | D:12     | Found a bloodstained altar of Trog.
 17230 | D:12     | Noticed a cyan ugly thing
 17250 | D:12     | Killed a cyan ugly thing
 17251 | D:12     | Reached skill level 5 in Fighting
 17289 | D:12     | Noticed Snorg
 17315 | D:12     | Killed Snorg
 17315 | D:12     | Received a gift from Trog
 17316 | D:12     | Reached skill level 5 in Dodging
 17845 | D:12     | Found the +8 orange crystal plate armour {Archmagi, Int+3
                  | Clar}
 17915 | D:12     | Noticed a boulder beetle
 17929 | D:12     | Killed a boulder beetle
 17930 | D:12     | Reached XP level 12. HP: 97/97 MP: 11/11
 18753 | D:13     | Noticed a seven-headed hydra
 18785 | D:13     | Reached skill level 15 in Axes
 18810 | D:13     | Found a gate to the Vaults.
 18810 | D:13     | Noticed a vault guard
 18810 | D:13     | Noticed a vault guard
 18810 | D:13     | Noticed a vault guard
 18810 | D:13     | Noticed a vault guard
 18810 | D:13     | Noticed a vault guard
 18810 | D:13     | Noticed a vault guard
 18810 | D:13     | Noticed a vault guard
 18810 | D:13     | Noticed a vault guard
 18831 | D:13     | Killed a vault guard
 18841 | D:13     | Killed a vault guard
 18849 | D:13     | Killed a vault guard
 18869 | D:12     | HP: 3/97 [poisoned by a vault guard]
 18870 | D:12     | HP: 1/97 [poisoned by a vault guard]
 18871 | D:12     | Succumbed to a vault guard's poison

Illustrated notes

Levels and vault maps discovered:
D:1:      eino_arrival_cavern_b, layout_basic
D:2:      layout_loops_cross, overflow_temple_1_default
D:3:      layout_rooms, grunt_temple_overflow_open, guppyfry_early_orc_mine
D:4:      layout_cave_pods, marbit_many_paths, kennysheep_mini,
          minmay_temple_entry_purple_smoke
D:5:      layout_loops_ring
D:6:      layout_basic, nzn_hepliaklqana_mist_gate, st_stairs_5
D:7:      layout_loops_corners, enter_bailey_2, st_stairs_13
D:8:      layout_basic, lair_entry_dummy
D:9:      layout_irregular_city, grunt_temple_overflow_cloverleaf,
          cheibrodos_ashenzari_chains, okawaru_trees_1, uniq_pikel
D:10:     layout_irregular_city, uniq_urug, uniq_erolcha, uniq_joseph
D:11:     layout_loops_corners, minmay_orc_entry_temple_small
D:12:     layout_cave_pods, basic_altar, uniq_snorg
D:13:     layout_rooms, erik_vaults_2, minmay_misc_feat_ornament
Temple:   nicolae_temple_figure_zero

Skill      XL: |  1  2  3  4  5  6  7  8  9 10 11 12 |
---------------+-------------------------------------+-----
Axes           | 4 5 6 7 8 9 11 13 14 15 | 15.7
Shields        | 9 14 15 | 15.0
Fighting       | 6 |  6.7
Evocations     | 4 |  4.0
Dodging        | 5 |  5.5
Armour         | |  2.4

Action                   |  1- 3 |  4- 6 |  7- 9 | 10-12 || total
-------------------------+-------+-------+-------+-------++-------
Melee: Hand axe          |   106 |   122 |   328 |   523 ||  1079
       Headbutt          |    19 |    15 |    65 |   116 ||   215
       Broad axe         |       |       |       |    10 ||    10
Invok: Berserk           |     1 |     6 |    10 |    12 ||    29
       Brothers in Arms  |       |       |     2 |       ||     2
       Trog's Hand       |       |       |     1 |     2 ||     3
Evoke: Wand              |       |       |       |     2 ||     2
  Use: Scroll            |       |       |    14 |     9 ||    23
       Potion            |       |       |       |     1 ||     1
 Stab: Sleeping          |     1 |       |       |       ||     1
Armor: Skin              |     6 |    10 |     7 |       ||    23
       Plate armour      |       |       |       |   112 ||   112
Dodge: Dodged            |    43 |    35 |    82 |    73 ||   233
       Repelled          |       |     1 |     1 |     2 ||     4
Block: Kite shield       |    43 |    31 |   106 |   200 ||   380
